2998 views
Uploaded 2019-12-01 21:15:42
Game version 1.32.0.2 / 1.32.0.2.1
37:00 long 2on2 ladder game on (6)GnollWood
Saved by iggythefisk
2998 views
Uploaded 2019-12-01 21:15:42
Game version 1.32.0.2 / 1.32.0.2.1
37:00 long 2on2 ladder game on (6)GnollWood


39 units @ 3.1k
/ 0k
128 buildings @ 6.4k
/ 3.4k
iggythefisk
(37:00) : 

x1)
| Scroll of Regeneration | 2 | 200 |
| Lesser Clarity Potion | 1 | 70 |
| Orb of Fire | 2 | 650 |
| Staff of Sanctuary | 2 | 500 |
| Boots of Speed | 2 | 500 |
| Staff of Teleportation | 3 | 450 |
| Tome of Retraining | 1 | 300 |
| total: | 13 | 2670g |
| Peasant | 17 | 1275 | / | 0 |
| Priest | 1 | 135 | / | 10 |
| Sorceress | 1 | 155 | / | 20 |
| total: | 19 | 1565g | / | 30w |
| Scout Tower | 54 | 1620 | / | 1080 |
| Arcane Tower | 6 | 420 | / | 300 |
| Guard Tower | 29 | 2030 | / | 1450 |
| Lumber Mill | 1 | 120 | / | 0 |
| Farm | 3 | 240 | / | 60 |
| Altar of Kings | 1 | 180 | / | 50 |
| Arcane Vault | 2 | 260 | / | 60 |
| Town Hall | 1 | 385 | / | 205 |
| Arcane Sanctum | 1 | 150 | / | 140 |
| Keep | 1 | 320 | / | 210 |
| Castle | 2 | 720 | / | 420 |
| total: | 63 | 2955g | / | 1595w |
| 0:01 | Peasant |
| 0:09 | Lumber Mill |
| 0:11 | Peasant |
| 0:18 | Farm |
| 0:19 | Peasant |
| 0:26 | Peasant |
| 0:46 | Farm |
| 0:48 | Altar of Kings |
| 0:49 | Peasant |
| 0:55 | Peasant |
| 1:07 | Peasant |
| 1:15 | Improved Masonry |
| 1:21 | Peasant |
| 1:33 | Scout Tower |
| 1:40 | Peasant |
| 1:42 | Scout Tower |
| 1:52 | Peasant |
| 1:55 | Scout Tower |
| 2:02 | Arcane Tower |
| 2:13 | Arcane Tower |
| 2:26 | Pocket Factory |
| 2:31 | Peasant |
| 2:33 | Guard Tower |
| 2:34 | Scout Tower |
| 2:46 | Peasant |
| 2:52 | Scout Tower |
| 2:57 | Peasant |
| 3:28 | Peasant |
| 3:37 | Scout Tower |
| 3:37 | Guard Tower |
| 3:37 | Guard Tower |
| 3:51 | Keep |
| 4:03 | Scout Tower |
| 4:04 | Guard Tower |
| 4:43 | Scout Tower |
| 4:43 | Scout Tower |
| 5:06 | Guard Tower |
| 5:10 | Farm |
| 5:15 | Boots of Speed |
| 5:16 | Staff of Teleportation |
| 5:36 | Arcane Vault |
| 5:43 | Engineering Upgrade |
| 5:49 | Scout Tower |
| 5:49 | Guard Tower |
| 6:14 | Advanced Masonry |
| 6:42 | Healing Spray |
| 6:54 | Guard Tower |
| 6:55 | Guard Tower |
| 7:02 | Scroll of Regeneration |
| 7:10 | Lesser Clarity Potion |
| 8:04 | Town Hall |
| 8:09 | Scout Tower |
| 8:10 | Scout Tower |
| 8:11 | Scout Tower |
| 8:12 | Scout Tower |
| 8:31 | Pocket Factory |
| 8:41 | Guard Tower |
| 8:42 | Guard Tower |
| 8:43 | Scout Tower |
| 8:45 | Scout Tower |
| 8:45 | Scout Tower |
| 8:46 | Scout Tower |
| 8:51 | Arcane Sanctum |
| 9:02 | Guard Tower |
| 9:08 | Scout Tower |
| 9:08 | Scout Tower |
| 9:10 | Guard Tower |
| 9:19 | Peasant |
| 9:19 | Peasant |
| 9:34 | Boots of Speed |
| 9:42 | Staff of Teleportation |
| 9:42 | Staff of Teleportation |
| 10:01 | Improved Lumber Harvesting |
| 10:03 | Guard Tower |
| 10:04 | Guard Tower |
| 10:06 | Chemical Rage |
| 10:12 | Scout Tower |
| 10:13 | Scout Tower |
| 10:13 | Peasant |
| 10:22 | Castle |
| 10:34 | Scout Tower |
| 10:36 | Scout Tower |
| 10:36 | Scout Tower |
| 10:40 | Scout Tower |
| 10:42 | Scout Tower |
| 10:42 | Scout Tower |
| 10:43 | Magic Sentry |
| 11:03 | Guard Tower |
| 11:04 | Scout Tower |
| 11:05 | Scout Tower |
| 11:10 | Scout Tower |
| 11:11 | Guard Tower |
| 11:36 | Guard Tower |
| 11:37 | Arcane Tower |
| 11:39 | Scout Tower |
| 11:40 | Scout Tower |
| 12:02 | Guard Tower |
| 12:46 | Guard Tower |
| 12:47 | Scout Tower |
| 12:53 | Scout Tower |
| 12:55 | Guard Tower |
| 13:09 | Arcane Vault |
| 13:19 | Guard Tower |
| 13:20 | Scout Tower |
| 13:24 | Imbued Masonry |
| 13:24 | Advanced Lumber Harvesting |
| 13:25 | Priest Adept Training |
| 13:25 | Priest |
| 13:33 | Tome of Retraining |
| 13:33 | Retrain Hero |
| 13:35 | Cluster Rockets |
| 13:35 | Cluster Rockets |
| 13:36 | Engineering Upgrade |
| 13:43 | Orb of Fire |
| 13:46 | Staff of Sanctuary |
| 14:45 | Guard Tower |
| 14:47 | Scout Tower |
| 14:48 | Scout Tower |
| 14:48 | Scout Tower |
| 15:52 | Healing Spray |
| 16:11 | Scroll of Regeneration |
| 16:17 | Arcane Tower |
| 16:18 | Guard Tower |
| 16:24 | Scout Tower |
| 16:24 | Scout Tower |
| 16:25 | Scout Tower |
| 16:28 | Guard Tower |
| 16:30 | Scout Tower |
| 16:30 | Scout Tower |
| 16:31 | Scout Tower |
| 16:31 | Scout Tower |
| 16:38 | Staff of Sanctuary |
| 16:38 | Orb of Fire |
| 17:13 | Priest Master Training |
| 17:13 | Sorceress Adept Training |
| 17:14 | Sorceress |
| 18:05 | Arcane Tower |
| 18:06 | Guard Tower |
| 18:27 | Guard Tower |
| 18:37 | Scout Tower |
| 18:38 | Scout Tower |
| 18:39 | Scout Tower |
| 18:39 | Scout Tower |
| 18:42 | Scout Tower |
| 18:43 | Scout Tower |
| 18:43 | Scout Tower |
| 18:44 | Scout Tower |
| 19:25 | Arcane Tower |
| 19:27 | Guard Tower |
| 19:48 | Engineering Upgrade |
| 20:02 | Sorceress Master Training |
| 28:15 | Chemical Rage |
| 35:27 | Cluster Rockets |
| Right click | 2277 |
| Select group | 1334 |
| Select | 428 |
| Assign group | 300 |
| Build/train/purchase | 152 |
| Use ability | 121 |
| Misc. action | 59 |
| Chat | 45 |
| Resource trade | 16 |
| Item give/drop | 5 |
| Minimap ping | 4 |



| Scroll of Regeneration | 2 | 200 |
| Orb of Fire | 2 | 650 |
| Staff of Sanctuary | 3 | 750 |
| Boots of Speed | 3 | 750 |
| Staff of Teleportation | 5 | 750 |
| Periapt of Vitality | 1 | 325 |
| Circlet of Nobility | 1 | 175 |
| total: | 17 | 3600g |
| Peasant | 19 | 1425 | / | 0 |
| Priest | 1 | 135 | / | 10 |
| total: | 20 | 1560g | / | 10w |
| Scout Tower | 54 | 1620 | / | 1080 |
| Guard Tower | 28 | 1960 | / | 1400 |
| Arcane Tower | 3 | 210 | / | 150 |
| Altar of Kings | 1 | 180 | / | 50 |
| Farm | 4 | 320 | / | 80 |
| Lumber Mill | 1 | 120 | / | 0 |
| Arcane Vault | 2 | 260 | / | 60 |
| Town Hall | 2 | 770 | / | 410 |
| Arcane Sanctum | 1 | 150 | / | 140 |
| Keep | 2 | 640 | / | 420 |
| Castle | 2 | 720 | / | 420 |
| total: | 65 | 3420g | / | 1820w |
| 0:01 | Peasant |
| 0:01 | Peasant |
| 0:06 | Altar of Kings |
| 0:09 | Farm |
| 0:26 | Lumber Mill |
| 0:28 | Peasant |
| 0:42 | Peasant |
| 0:49 | Scout Tower |
| 0:54 | Scout Tower |
| 0:55 | Peasant |
| 1:11 | Scout Tower |
| 1:14 | Scout Tower |
| 1:15 | Peasant |
| 1:21 | Peasant |
| 1:37 | Farm |
| 1:38 | Peasant |
| 1:48 | Peasant |
| 1:52 | Scout Tower |
| 1:54 | Scout Tower |
| 2:19 | Scout Tower |
| 2:23 | Guard Tower |
| 2:29 | Scout Tower |
| 2:46 | Guard Tower |
| 2:47 | Peasant |
| 2:49 | Scout Tower |
| 2:57 | Peasant |
| 2:58 | Guard Tower |
| 3:00 | Scout Tower |
| 3:17 | Blizzard |
| 3:23 | Peasant |
| 3:27 | Guard Tower |
| 3:32 | Guard Tower |
| 3:48 | Guard Tower |
| 3:50 | Scout Tower |
| 4:01 | Arcane Tower |
| 4:43 | Guard Tower |
| 4:55 | Improved Masonry |
| 4:55 | Advanced Masonry |
| 5:06 | Keep |
| 5:13 | Arcane Tower |
| 5:36 | Scout Tower |
| 5:36 | Scout Tower |
| 5:45 | Boots of Speed |
| 5:45 | Staff of Teleportation |
| 5:48 | Staff of Teleportation |
| 5:49 | Staff of Teleportation |
| 5:58 | Farm |
| 6:50 | Scout Tower |
| 6:53 | Scout Tower |
| 7:02 | Imbued Masonry |
| 7:08 | Scout Tower |
| 7:08 | Scout Tower |
| 7:18 | Arcane Vault |
| 8:34 | Storm Bolt |
| 8:47 | Scout Tower |
| 8:47 | Scout Tower |
| 8:48 | Scout Tower |
| 8:56 | Castle |
| 9:00 | Improved Lumber Harvesting |
| 9:04 | Scroll of Regeneration |
| 9:11 | Guard Tower |
| 9:21 | Scout Tower |
| 9:22 | Scout Tower |
| 9:38 | Guard Tower |
| 10:16 | Guard Tower |
| 10:28 | Boots of Speed |
| 10:29 | Staff of Teleportation |
| 10:34 | Brilliance Aura |
| 10:37 | Guard Tower |
| 11:19 | Guard Tower |
| 11:22 | Farm |
| 12:30 | Holy Light |
| 12:43 | Bash |
| 12:56 | Town Hall |
| 12:57 | Scout Tower |
| 12:59 | Scout Tower |
| 13:00 | Scout Tower |
| 13:00 | Scout Tower |
| 13:05 | Advanced Lumber Harvesting |
| 13:18 | Arcane Vault |
| 13:36 | Boots of Speed |
| 13:36 | Staff of Teleportation |
| 14:45 | Guard Tower |
| 16:05 | Arcane Sanctum |
| 16:17 | Peasant |
| 16:18 | Peasant |
| 16:18 | Peasant |
| 16:22 | Peasant |
| 16:28 | Scout Tower |
| 16:29 | Scout Tower |
| 16:30 | Scout Tower |
| 16:34 | Scroll of Regeneration |
| 16:41 | Orb of Fire |
| 16:42 | Staff of Sanctuary |
| 18:04 | Magic Sentry |
| 18:05 | Scout Tower |
| 18:06 | Guard Tower |
| 18:28 | Staff of Sanctuary |
| 18:30 | Orb of Fire |
| 18:39 | Guard Tower |
| 18:41 | Scout Tower |
| 18:41 | Scout Tower |
| 18:43 | Scout Tower |
| 18:44 | Scout Tower |
| 18:49 | Scout Tower |
| 18:49 | Scout Tower |
| 18:50 | Scout Tower |
| 18:51 | Scout Tower |
| 18:51 | Scout Tower |
| 18:52 | Scout Tower |
| 19:52 | Blizzard |
| 19:56 | Divine Shield |
| 20:27 | Guard Tower |
| 21:05 | Storm Bolt |
| 21:19 | Periapt of Vitality |
| 21:24 | Circlet of Nobility |
| 21:29 | Guard Tower |
| 22:01 | Peasant |
| 22:01 | Peasant |
| 22:01 | Peasant |
| 23:18 | Town Hall |
| 23:20 | Scout Tower |
| 23:21 | Scout Tower |
| 23:22 | Scout Tower |
| 25:54 | Scout Tower |
| 25:55 | Scout Tower |
| 25:56 | Scout Tower |
| 25:56 | Scout Tower |
| 26:32 | Guard Tower |
| 27:22 | Scout Tower |
| 27:22 | Scout Tower |
| 28:15 | Holy Light |
| 29:28 | Staff of Sanctuary |
| 29:35 | Priest |
| 29:40 | Scout Tower |
| 29:40 | Scout Tower |
| 29:41 | Scout Tower |
| 29:44 | Scout Tower |
| 29:45 | Scout Tower |
| 30:10 | Guard Tower |
| 30:19 | Guard Tower |
| 31:52 | Priest Adept Training |
| 34:40 | Brilliance Aura |
| 34:41 | Bash |
| Right click | 2653 |
| Select | 833 |
| Select group | 549 |
| Build/train/purchase | 147 |
| Use ability | 128 |
| Assign group | 84 |
| Misc. action | 61 |
| Item give/drop | 9 |
| Esc | 6 |
| Minimap ping | 5 |
| Remove unit | 1 |
119 units @ 19.1k
/ 3k
47 buildings @ 7.2k
/ 3.3k


| Tiny Great Hall | 1 | 600 |
| Scroll of Town Portal | 2 | 700 |
| total: | 3 | 1300g |
| Peon | 15 | 1125 | / | 0 |
| Grunt | 8 | 1600 | / | 0 |
| Troll Headhunter | 3 | 420 | / | 60 |
| Tauren | 9 | 2520 | / | 720 |
| Shaman | 11 | 1430 | / | 220 |
| Demolisher | 4 | 880 | / | 200 |
| Troll Batrider | 12 | 1920 | / | 480 |
| Forest Troll Shadow Priest | 1 | 195 | / | 10 |
| total: | 63 | 10090g | / | 1690w |
| Watch Tower | 9 | 990 | / | 720 |
| Altar of Storms | 1 | 180 | / | 50 |
| Orc Burrow | 10 | 1600 | / | 400 |
| Barracks | 1 | 180 | / | 50 |
| War Mill | 2 | 410 | / | 0 |
| Voodoo Lounge | 1 | 130 | / | 30 |
| Great Hall | 1 | 385 | / | 185 |
| Tauren Totem | 1 | 135 | / | 155 |
| Spirit Lodge | 1 | 150 | / | 150 |
| Beastiary | 2 | 290 | / | 280 |
| Stronghold | 1 | 315 | / | 190 |
| Fortress | 1 | 325 | / | 190 |
| total: | 29 | 4450g | / | 2020w |
| 0:04 | Peon |
| 0:04 | Peon |
| 0:07 | Altar of Storms |
| 0:14 | Orc Burrow |
| 0:33 | Barracks |
| 0:38 | Peon |
| 1:15 | Peon |
| 1:17 | Peon |
| 1:24 | War Mill |
| 1:44 | Orc Burrow |
| 1:55 | Grunt |
| 1:55 | Grunt |
| 1:55 | Grunt |
| 2:12 | Wind Walk |
| 4:00 | Stronghold |
| 4:02 | Grunt |
| 4:02 | Grunt |
| 4:02 | Grunt |
| 4:27 | Steel Melee Weapons |
| 4:36 | Orc Burrow |
| 4:46 | Grunt |
| 5:19 | Critical Strike |
| 5:26 | Grunt |
| 5:29 | Steel Armor |
| 6:22 | Berserker Strength |
| 6:24 | Fortress |
| 7:09 | Thorium Melee Weapons |
| 7:50 | Forest Troll Shadow Priest |
| 8:02 | Mirror Image |
| 8:18 | Tauren Totem |
| 8:30 | Healing Wave |
| 10:11 | Spirit Lodge |
| 10:19 | Watch Tower |
| 10:19 | Watch Tower |
| 10:20 | Watch Tower |
| 11:08 | Troll Headhunter |
| 11:08 | Troll Headhunter |
| 11:08 | Troll Headhunter |
| 12:48 | Tauren |
| 12:50 | Shaman Adept Training |
| 13:22 | Peon |
| 13:38 | Orc Burrow |
| 14:21 | Pulverize |
| 14:22 | Tauren |
| 16:07 | Tauren |
| 16:08 | Tauren |
| 16:09 | Tauren |
| 16:11 | Shaman Master Training |
| 16:19 | Shaman |
| 16:20 | Shaman |
| 16:21 | Shaman |
| 16:22 | Shaman |
| 16:55 | Peon |
| 16:55 | Peon |
| 16:57 | Peon |
| 17:00 | War Mill |
| 17:19 | Burning Oil |
| 17:32 | Demolisher |
| 18:07 | Orc Burrow |
| 18:08 | Orc Burrow |
| 18:24 | Witch Doctor Adept Training |
| 19:10 | Tauren |
| 19:14 | Demolisher |
| 19:17 | Arcanite Melee Weapons |
| 19:44 | Shaman |
| 19:45 | Shaman |
| 19:55 | Demolisher |
| 20:20 | Orc Burrow |
| 20:20 | Orc Burrow |
| 20:57 | Voodoo Lounge |
| 21:12 | Tauren |
| 21:23 | Shaman |
| 21:24 | Shaman |
| 21:26 | Demolisher |
| 22:32 | Tiny Great Hall |
| 23:03 | Scroll of Town Portal |
| 25:26 | Hex |
| 25:34 | Tauren |
| 25:34 | Tauren |
| 25:41 | Peon |
| 25:41 | Peon |
| 25:41 | Peon |
| 27:06 | Shaman |
| 27:07 | Shaman |
| 27:08 | Shaman |
| 27:11 | Peon |
| 27:11 | Peon |
| 27:12 | Peon |
| 28:44 | Beastiary |
| 29:35 | Watch Tower |
| 29:35 | Watch Tower |
| 29:36 | Watch Tower |
| 29:36 | Watch Tower |
| 29:37 | Watch Tower |
| 29:37 | Watch Tower |
| 30:00 | Troll Batrider |
| 30:01 | Troll Batrider |
| 30:01 | Troll Batrider |
| 30:01 | Troll Batrider |
| 30:04 | Beastiary |
| 30:15 | Liquid Fire |
| 30:26 | Steel Ranged Weapons |
| 31:04 | Troll Batrider |
| 31:04 | Troll Batrider |
| 31:35 | Troll Batrider |
| 31:36 | Troll Batrider |
| 31:36 | Troll Batrider |
| 31:36 | Troll Batrider |
| 32:01 | Orc Burrow |
| 32:02 | Orc Burrow |
| 32:31 | Great Hall |
| 32:44 | Troll Batrider |
| 32:44 | Troll Batrider |
| 33:58 | Scroll of Town Portal |
| Right click | 1010 |
| Select | 368 |
| Build/train/purchase | 112 |
| Misc. action | 37 |
| Use ability | 17 |
| Remove unit | 11 |



| Acolyte | 8 | 600 | / | 0 |
| Ghoul | 18 | 2160 | / | 0 |
| Crypt Fiend | 7 | 1505 | / | 280 |
| Gargoyle | 9 | 1575 | / | 270 |
| Obsidian Statue | 3 | 600 | / | 105 |
| Abomination | 3 | 720 | / | 210 |
| Meat Wagon | 5 | 1150 | / | 250 |
| Frost Wyrm | 1 | 385 | / | 120 |
| Necromancer | 2 | 290 | / | 40 |
| total: | 56 | 8985g | / | 1275w |
| Altar of Darkness | 1 | 180 | / | 50 |
| Ziggurat | 10 | 1500 | / | 500 |
| Crypt | 1 | 200 | / | 50 |
| Tomb of Relics | 1 | 130 | / | 30 |
| Graveyard | 1 | 215 | / | 0 |
| Slaughterhouse | 1 | 140 | / | 135 |
| Temple of the Damned | 1 | 155 | / | 140 |
| Sacrificial Pit | 1 | 75 | / | 150 |
| Boneyard | 1 | 175 | / | 200 |
| Halls of the Dead | 1 | 320 | / | 210 |
| Black Citadel | 1 | 325 | / | 230 |
| total: | 18 | 2770g | / | 1255w |
| 0:04 | Acolyte |
| 0:04 | Acolyte |
| 0:10 | Altar of Darkness |
| 0:13 | Ziggurat |
| 0:42 | Crypt |
| 0:55 | Ziggurat |
| 1:48 | Ghoul |
| 1:48 | Ghoul |
| 1:50 | Ghoul |
| 1:50 | Ghoul |
| 1:50 | Ghoul |
| 2:07 | Tomb of Relics |
| 2:18 | Death Coil |
| 2:38 | Graveyard |
| 2:50 | Ghoul |
| 2:51 | Ghoul |
| 3:54 | Halls of the Dead |
| 4:06 | Unholy Strength |
| 4:07 | Unholy Armor |
| 4:08 | Crypt Fiend |
| 4:48 | Crypt Fiend |
| 4:49 | Ghoul |
| 5:28 | Unholy Aura |
| 5:45 | Ghoul |
| 6:02 | Ziggurat |
| 6:04 | Ziggurat |
| 6:27 | Improved Unholy Strength |
| 6:28 | Improved Unholy Armor |
| 6:44 | Slaughterhouse |
| 7:26 | Crypt Fiend |
| 8:04 | Vampiric Aura |
| 8:28 | Crypt Fiend |
| 8:50 | Gargoyle |
| 8:50 | Gargoyle |
| 8:51 | Gargoyle |
| 8:52 | Gargoyle |
| 8:56 | Black Citadel |
| 9:15 | Obsidian Statue |
| 9:41 | Creature Attack |
| 9:46 | Obsidian Statue |
| 10:03 | Ziggurat |
| 10:05 | Ziggurat |
| 11:21 | Ghoul Frenzy |
| 11:27 | Abomination |
| 11:50 | Abomination |
| 12:00 | Acolyte |
| 12:01 | Acolyte |
| 12:01 | Acolyte |
| 12:19 | Ziggurat |
| 12:25 | Ziggurat |
| 13:07 | Temple of the Damned |
| 13:33 | Gargoyle |
| 13:33 | Gargoyle |
| 15:45 | Unholy Aura |
| 16:07 | Gargoyle |
| 16:07 | Gargoyle |
| 16:08 | Gargoyle |
| 16:10 | Ghoul |
| 16:10 | Ghoul |
| 16:10 | Ghoul |
| 16:23 | Obsidian Statue |
| 17:16 | Meat Wagon |
| 17:25 | Meat Wagon |
| 18:58 | Ghoul |
| 19:01 | Crypt Fiend |
| 19:02 | Crypt Fiend |
| 19:08 | Disease Cloud |
| 19:26 | Sacrificial Pit |
| 19:36 | Ziggurat |
| 20:28 | Acolyte |
| 21:01 | Advanced Unholy Strength |
| 21:08 | Abomination |
| 21:33 | Ghoul |
| 22:53 | Boneyard |
| 22:59 | Ziggurat |
| 23:18 | Frost Armor |
| 23:28 | Ghoul |
| 27:10 | Meat Wagon |
| 27:10 | Meat Wagon |
| 27:11 | Meat Wagon |
| 29:17 | Crypt Fiend |
| 29:19 | Frost Wyrm |
| 29:24 | Ghoul |
| 29:24 | Ghoul |
| 29:24 | Ghoul |
| 30:23 | Advanced Unholy Armor |
| 31:48 | Acolyte |
| 31:48 | Acolyte |
| 34:19 | Necromancer |
| 34:19 | Necromancer |
| 35:36 | Death Coil |
| Right click | 1122 |
| Select group | 508 |
| Select | 392 |
| Misc. action | 206 |
| Build/train/purchase | 87 |
| Assign group | 44 |
| Use ability | 41 |
| Remove unit | 7 |
| Chat | 4 |